 Dungeon Crawl Stone Soup version 0.30.1-11-g7821555f0a (webtiles) character file.

Game seed: 9627818835769449028

365 Destapler the Trooper (level 6, -3/52 HPs)
             Began as a Draconian Transmuter on Dec 23, 2023.
             Was a Believer of Wu Jian.
             Slain by a gnoll
             ... wielding a +0 flail
              (7 damage)
             ... on level 5 of the Dungeon.
             The game lasted 00:15:08 (3775 turns).

Destapler the Trooper (Draconian Transmuter)        Turns: 3775, Time: 00:15:08

Health: -3/52      AC:  6    Str: 13    XL:     6   Next: 40%
Magic:  9/10       EV: 12    Int: 13    God:    Wu Jian [**....]
Gold:   290        SH:  0    Dex: 13    Spells: 8/11 levels left

rFire   . .          .
                       - Unarmed
rCold   . . .        (no shield)
rNeg    . . .        (body armour unavailable)
rPois   +            (helmet currently unavailable)
rElec   .            (no cloak)
rCorr   .            (no gloves)
SInv    .            (boots currently unavailable)
Will    +....        (no amulet)
Stlth   ++           f - ring of poison resistance
HPRegen 0.28/turn    q - ring of willpower
MPRegen 0.12/turn

%: no passive effects
@: appendages (expiring), wereblooded (expiring)
A: horns 2, talons 2, AC +6, unfitting armour, cold-blooded
a: End Transformation, Renounce Religion, Wall Jump


You were on level 5 of the Dungeon.
You worshipped Wu Jian.
Wu Jian was pleased with you.
You had temporarily grown beastly horns and talons.
You visited 1 branch of the dungeon, and saw 5 of its levels.

You collected 290 gold pieces.

Inventory:

Hand Weapons
 s - a +2 vampiric dagger
 t - a +0 sling
Missiles
 r - 25 stones
Jewellery
 f - a ring of poison resistance (left hand)
 q - a ring of willpower (right hand)
Wands
 p - a wand of roots (2)
Scrolls
 b - 2 scrolls of vulnerability {unknown}
 c - 3 scrolls of identify
 h - a scroll of enchant weapon {unknown}
 k - 4 scrolls of teleportation {unknown}
 o - a scroll of fog {unknown}
Potions
 a - a potion of lignification
 d - 6 potions of curing
 e - 2 potions of heal wounds
 g - 2 potions of degeneration {unknown}
 i - a potion of haste {unknown}
 j - a potion of cancellation {unknown}
 l - a potion of attraction {unknown}
 m - 2 potions of might {unknown}
 n - a potion of ambrosia {unknown}


   Skills:
 * Level 3.9 Fighting
 - Level 3.0 Dodging
 + Level 1.6 Stealth
 - Level 3.5 Unarmed Combat
 - Level 3.0 Spellcasting
 + Level 3.5 Transmutations


You had 8 spell levels left.
You knew the following spells:

 Your Spells              Type           Power      Damage    Failure   Level
a - Beastly Appendage     Tmut           22%        N/A       5%          1
b - Wereblood             Tmut           11%        N/A       9%          2

Your spell library contained the following spells:

 Spells                   Type           Power      Damage    Failure   Level
 Spider Form              Tmut/Pois      6%         N/A       32%         3
 Ice Form                 Ice/Tmut       6%         N/A       73%         4


Dungeon Overview and Level Annotations

Branches:
Dungeon (5/15)             Temple (0/1) D:5

Altars:
Wu Jian
Yredelemnul

Annotations:
D:5 1 runed translucent door, MatrixGlitch's ghost, amateur DsTm


Innate Abilities, Weirdness & Mutations

You have temporarily grown beastly horns and talons.
Your plain brown scales are hard. (AC +6)
You cannot fit into any form of body armour.
You are cold-blooded and may be slowed by cold attacks.


Message History

The hound bites you but does no damage. The gnoll barely misses you.
The gnoll hits you from afar with a +0 halberd.
* * * LOW HITPOINT WARNING * * *
An ice beast comes into view.
The gnoll closely misses you.
You completely miss the gnoll. You claw the gnoll. You headbutt the gnoll.
You feel a bit better.
You kill the gnoll!
The Council accepts your kill.
Your primal bloodlust is almost over.
The hound bites you but does no damage.
The gnoll hits you from afar with a +0 halberd!
* * * LOW HITPOINT WARNING * * *
The gnoll barely misses you.
You hit the gnoll. Your kick misses the gnoll.
The gnoll is moderately wounded.
The hound bites you.
* * * LOW HITPOINT WARNING * * *
The hound bites you.
* * * LOW HITPOINT WARNING * * *
The gnoll hits you with a +0 whip.
* * * LOW HITPOINT WARNING * * *
The gnoll barely misses you. The gnoll hits you but does no damage.
The gnoll hits you from afar with a +0 halberd.
* * * LOW HITPOINT WARNING * * *
You feel better. The hound bites you but does no damage. The gnoll misses you.
The gnoll hits you with a +0 whip.
* * * LOW HITPOINT WARNING * * *
The gnoll hits you from afar with a +0 halberd.
* * * LOW HITPOINT WARNING * * *
The gnoll hits you but does no damage. The gnoll completely misses you.
Okay, then.
As you read the scroll labelled XEOREN XAWULENN, it crumbles to dust.
It is a scroll of identify.
e - 2 potions of heal wounds The hound closely misses you.
The hound bites you but does no damage. The gnoll hits you with a +0 whip.
* * * LOW HITPOINT WARNING * * *
The gnoll barely misses you. The gnoll hits you with a +0 flail!
You die...

...#..##.......[........#.....#
..##.## ....#.....##.##.#..## #
..# .. .....................
...##.# .........#.##........
#...#.# .........#...........
###.. ....................#
##..# ........gg).g.......#
....# .......g)#...........
...####. ......g@#.gg........
........ #.....h.g##g....#...
<.# #........#..#...# #. ..#
#........#.###..# ....
.......Y.#. .... #..#..
........... ..#.. #.# ...
........##. ..### .# ..
......?.### .# .


You could see an ice beast, a hound and 5 gnolls.

Vanquished Creatures
  Sigmund (D:3)
  A howler monkey (D:5)
  A hound (D:3)
  3 gnolls (D:5)
  4 adders
  2 worms
  A dart slug (D:4)
  3 orcs (D:4)
  5 endoplasms
  3 giant cockroaches
  5 goblins
  6 hobgoblins
  4 jackals
  3 kobolds
  5 quokkas
  5 ball pythons
  5 bats
  2 frilled lizards
  4 rats
63 creatures vanquished.

Notes
Turn   | Place    | Note
-------+----------+-------------------------------------------
     0 | D:1      | Destapler the Draconian Transmuter began the quest for the
                  | Orb.
     0 | D:1      | Reached XP level 1. HP: 16/16 MP: 3/3
   428 | D:1      | Reached XP level 2. HP: 23/23 MP: 3/5
   445 | D:1      | Learned a level 2 spell: Wereblood
   802 | D:2      | Reached XP level 3. HP: 19/29 MP: 2/6
   809 | D:2      | Found a basalt altar of Yredelemnul.
  1002 | D:2      | Found a faded altar of an unknown god.
  1010 | D:2      | Prayed at the altar of an unknown god.
  1010 | D:2      | Became a worshipper of the Wu Jian Council
  1010 | D:2      | Reached * piety under Wu Jian
  1510 | D:3      | Reached XP level 4. HP: 29/36 MP: 2/7
  1767 | D:3      | Noticed Sigmund
  1816 | D:3      | Killed Sigmund
  1817 | D:3      | Reached skill level 1 in Stealth
  1817 | D:3      | Reached XP level 5. HP: 16/45 MP: 9/9
  1956 | D:3      | Reached XP level 6. HP: 46/51 MP: 8/10
  2784 | D:4      | Reached ** piety under Wu Jian
  3086 | D:5      | Entered Level 5 of the Dungeon
  3693 | D:5      | Found a runed translucent door.
  3694 | D:5      | Noticed MatrixGlitch's ghost (amateur DsTm)
  3694 | D:5      | Noticed a vampire mosquito
  3726 | D:5      | Found a staircase to the Ecumenical Temple.
  3771 | D:5      | Noticed an ice beast
  3775 | D:5      | Slain by a gnoll

Illustrated notes

Levels and vault maps discovered:
D:1:      wheals_arrival_shading, layout_loops_ring, minivault_5
D:2:      layout_basic, basic_altar, serial_curves, eino_curves_04,
          eino_curves_03, hellmonk_ecumenical_altar_leap_of_faith, st_stairs_5,
          kennysheep_nondescript
D:3:      layout_basic, uniq_sigmund
D:4:      layout_cave_pods
D:5:      layout_cave_pools, minmay_temple_entry_ruins,
          ebering_ghost_inner_flame, serial_bayou_lake_a

Skill      XL: |  1  2  3  4  5  6 |
---------------+-------------------+-----
Dodging        | 2 3 |  3.0
Fighting       | 2 3 |  3.9
Stealth        | 1 |  1.6
Spellcasting   | 3 |  3.0
Transmutations | 3 |  3.5
Unarmed Combat | |  3.5

Action                     |  1- 3 |  4- 6 || total
---------------------------+-------+-------++-------
  Melee: Unarmed           |   105 |    96 ||   201
         Kick              |    12 |    23 ||    35
         Headbutt          |    13 |    13 ||    26
         Tailslap          |     7 |     8 ||    15
         Punch             |     2 |     4 ||     6
   Cast: Beastly Appendage |    20 |    24 ||    44
         Wereblood         |     2 |     2 ||     4
Ability: Whirlwind         |     7 |    15 ||    22
         Lunge             |     5 |    16 ||    21
    Use: Potion            |       |     3 ||     3
         Scroll            |       |     1 ||     1
   Stab: Sleeping          |     2 |       ||     2
 Armour: Skin              |    31 |    23 ||    54
  Dodge: Dodged            |    70 |    47 ||   117
